 Dungeon Crawl Stone Soup version 0.16.1-2-g95b8d4c (webtiles) character file.

231 esc the Chiller (level 5, -6/45 HPs)
             Began as a Draconian Ice Elementalist on Mar 24, 2015.
             Killed by divine providence
             ... invoked by an orc priest
              (13 damage)
             ... on level 3 of the Dungeon.
             The game lasted 00:13:01 (3902 turns).

esc the Chiller (Draconian Ice Elementalist)        Turns: 3902, Time: 00:13:01

Health: -6/45      AC: 11    Str: 11    XL:     5   Next: 72%
Magic:  9/9        EV: 12    Int: 16    God:
Gold:   193        SH:  0    Dex: 11    Spells: 2 memorised, 5 levels left

rFire  . . .     SeeInvis .     a - +0 whip
rCold  . . .     Clarity  .     (armour unavailable)
rNeg   . . .     SustAb   .     (no shield)
rPois  .         Gourm    .     (helmet restricted)
rElec  .         Spirit   .     (no cloak)
rCorr  .         Warding  .     (no gloves)
rMut   .         Stasis   .     m - +0 pair of boots
MR     .....                    (no amulet)
Stlth  ++........               e - +5 ring of protection
                                (no ring)

@: lethally poisoned (-6 -> -9), drained, not resistant to hostile enchantments,
unstealthy
A: unfitting armour, cold-blooded, AC +5
a: no special abilities


You were on level 3 of the Dungeon.
You were not hungry.

You visited 1 branch of the dungeon, and saw 4 of its levels.

You collected 193 gold pieces.

Inventory:

Hand weapons
 a - a +0 whip (weapon)
Armour
 m - a +0 pair of boots (worn)
Jewellery
 e - a +5 ring of protection (right hand)
Scrolls
 g - 2 scrolls of noise
 n - a scroll of recharging
Potions
 f - a potion of brilliance {unknown}
 h - a potion of lignification
 i - a potion of agility
 j - a potion of curing
 l - a potion of cancellation {unknown}
Books
 b - a book of Frost

   Spells                             Type                      Level
   a - Freeze                         Ice                          1
   b - Throw Frost                    Conjuration/Ice              2
   c - Ozocubu's Armour               Charms/Ice                   3
   d - Throw Icicle                   Conjuration/Ice              4
   e - Summon Ice Beast               Ice/Summoning                4
   f - Condensation Shield            Ice                          4
Comestibles
 c - 2 bread rations
 d - 2 beef jerkies
 k - a fruit
 o - 2 meat rations
 q - 2 chunks of flesh


   Skills:
 + Level 3.2(2.9) Fighting
 + Level 2.4(2.1) Maces & Flails
 + Level 3.1(2.9) Dodging
 - Level 1.7(1.4) Stealth
 - Level 2.5(2.2) Spellcasting
   Level 1.0(0.7) Conjurations
 - Level 3.4(3.1) Ice Magic


You had 5 spell levels left.
You knew the following spells:

 Your Spells              Type           Power        Failure   Level  Hunger
a - Freeze                Ice            ##..         8%          1    #......
b - Ozocubu's Armour      Chrm/Ice       #.......     34%         3    ###....


Dungeon Overview and Level Annotations

Branches:
Dungeon (4/15)
 Temple: D:4-7

Altars:
Elyvilon
Kikubaaqudgha
Zin

Shops:
D:4 %

Annotations:
D:4 Sigmund


Innate Abilities, Weirdness & Mutations

Your plain brown scales are hard (AC +5).
Your body does not fit into most forms of armour.
Your cold-blooded metabolism reacts poorly to cold.


Message History

Drink which item? (? for menu, Esc to quit)
You feel much better.
You feel sick. The orc priest barely misses you.
The ogre hits you with a giant club!!
* * * LOW HITPOINT WARNING * * *
The orc wizard barely misses you. The orc hits you but does no damage.
You are more poisoned.
Drink which item? (? for menu, Esc to quit)
You feel better.
The orc wizard hits you with an enchanted dagger.
* * * LOW HITPOINT WARNING * * *
The orc priest barely misses you. The ogre completely misses you.
The orc hits you with a dagger of venom.
* * * LOW HITPOINT WARNING * * *
You are poisoned.
The orc wizard hits you but does no damage.
You feel sick.
You feel sick.
The orc priest invokes the aid of Beogh against you.
Something smites you!
You die...

######........# #.##.#
........#####.## #.##.#####
############...#####.##.....#
#..(........######.#
#.#...##...## #.#
#.#...#.###.## #.# #....oO##
##.# #.# #.....o.# #.# #.#
##### #.....o@# ##.# #.#
....# #.......###.## #.#
###.# #......#...## #.# #.#
#.#...###..# #.#
##.######..........# #.#
##.#...............## #.#
..###.#######..##### #.#
##.#(.#######..# #.#
#.............# #.#


You could see an ogre, an orc priest, an orc wizard and an orc.

Vanquished Creatures
  A sky beast (D:4)
  4 adders
  A shadow imp (D:3)
  4 worms
  3 giant geckos
  An orc (D:3)
  7 bats
  7 goblins
  9 hobgoblins
  15 jackals
  6 kobolds
  A quokka (D:2)
  2 giant cockroaches (D:3)
  6 giant newts
  8 rats
75 creatures vanquished.

Notes
Turn   | Place    | Note
--------------------------------------------------------------
     0 | D:1      | esc, the Draconian Ice Elementalist, began the quest for the Orb.
     0 | D:1      | Reached XP level 1. HP: 14/14 MP: 3/3
   689 | D:1      | Reached XP level 2. HP: 13/22 MP: 4/4
  1323 | D:1      | Reached skill level 1 in Fighting
  1543 | D:2      | Found a glowing silver altar of Zin.
  1600 | D:2      | Reached XP level 3. HP: 25/28 MP: 6/6
  2191 | D:2      | Reached XP level 4. HP: 34/36 MP: 8/8
  2429 | D:3      | Reached skill level 1 in Maces & Flails
  3234 | D:3      | Found an ancient bone altar of Kikubaaqudgha.
  3294 | D:3      | Reached XP level 5. HP: 12/42 MP: 6/9
  3569 | D:4      | Noticed Sigmund
  3681 | D:4      | Found a white marble altar of Elyvilon.
  3743 | D:4      | Noticed a sky beast
  3748 | D:4      | Learned a level 3 spell: Ozocubu's Armour
  3760 | D:4      | Killed a sky beast
  3896 | D:4      | Found Skuwas' Food Shoppe.
  3896 | D:4      | Noticed an ogre
  3902 | D:3      | Killed from afar by an orc priest

Action                   |  1- 3 |  4- 6 || total
-------------------------+-------+-------++-------
Melee: Unarmed           |    22 |       ||    22
       Whip              |   210 |   184 ||   394
 Cast: Freeze            |     1 |    11 ||    12
  Use: Scroll            |     9 |     4 ||    13
       Potion            |       |     2 ||     2
 Stab: Sleeping          |       |     1 ||     1
  Eat: Chunk             |     4 |     5 ||     9
       Pizza             |       |     1 ||     1
